 Dungeon Crawl Stone Soup version 0.23-a0-275-g0cf4261 (console) character file.

266 bli the Conjurer (level 6, -1/37 HPs)
             Began as an Octopode Conjurer on Oct 2, 2018.
             Killed from afar by an orc wizard (10 damage)
             ... with a puff of frost
             ... on level 3 of the Dungeon.
             The game lasted 00:15:57 (3951 turns).

bli the Conjurer (Octopode Conjurer)                Turns: 3951, Time: 00:15:58

Health: -1/37      AC:  1    Str:  8    XL:     6   Next: 20%
Magic:  4/12       EV: 13    Int: 18    God:
Gold:   146        SH:  0    Dex: 13    Spells: 10/13 levels left

rFire    . . .     SeeInvis .   o - +0 dagger
rCold    . . .     Gourm    .   (no shield)
rNeg     . . .     Faith    .   (helmet restricted)
rPois    .         Spirit   .   (no amulet)
rElec    .         Reflect  .   h - ring of stealth
rCorr    .         Harm     .   (no ring)
MR       .....                  (no ring)
Stlth    ++++......             (no ring)
HPRegen  0.12/turn              (no ring)
MPRegen  0.13/turn              (no ring)
                                (no ring)
                                (no ring)

@: no status effects
A: almost no armour, stealthy swim, amphibious, 8 rings, constrict 8, camouflage
1, gelatinous body 1
a: no special abilities


You were on level 3 of the Dungeon.
You were not hungry.

You visited 1 branch of the dungeon, and saw 3 of its levels.

You collected 146 gold pieces.

Inventory:

Hand Weapons
 a - a +0 short sword
 g - a +0 spear
 o - a +0 dagger (weapon)
 s - a +0 hand axe
 w - a +0 quarterstaff
Missiles
 l - 38 stones
 m - 3 tomahawks (quivered)
Jewellery
 h - a ring of stealth (left tentacle)
Scrolls
 c - 2 scrolls of enchant armour {unknown}
 e - 3 scrolls of remove curse {unknown}
 f - 2 scrolls of amnesia {unknown}
 i - a scroll of teleportation {unknown}
 n - 3 scrolls of identify {unknown}
 p - a scroll of enchant weapon {unknown}
 q - a scroll of fog {unknown}
 v - a scroll of magic mapping {unknown}
Potions
 d - a potion of lignification {unknown}
 j - 2 potions of flight {unknown}
 k - a potion of curing {unknown}
 t - a potion of heal wounds {unknown}
 u - a potion of might {unknown}
 x - a potion of haste {unknown}
Comestibles
 b - 5 rations
 r - a chunk of flesh


   Skills:
 + Level 0.7 Fighting
 * Level 2.3 Dodging
 + Level 3.1 Stealth
 + Level 4.2 Spellcasting
 + Level 5.5 Conjurations


You had 10 spell levels left.
You knew the following spells:

 Your Spells              Type           Power        Failure   Level  Hunger
a - Magic Dart            Conj           ###.         1%          1    None
r - Searing Ray           Conj           ###...       2%          2    ##.....

Your spell library contained the following spells:

 Spells                   Type           Power        Failure   Level  Hunger
 Dazzling Spray           Conj/Hex       ##....       14%         3    ###....
 Iskenderun's Mystic Bla  Conj           ###.....     14%         4    ####...
 Force Lance              Conj/Tloc      ##......     41%         4    ####...
 Fulminant Prism          Conj/Hex       ##........   41%         4    ####...


Dungeon Overview and Level Annotations

Branches:
Dungeon (3/15)

Altars:
Makhleb


Innate Abilities, Weirdness & Mutations

You cannot wear most types of armour.
You are very stealthy in the water. (Stealth+)
You are amphibious.
You can wear up to eight rings at the same time.
You can use your tentacles to constrict eight enemies at once.
Your skin changes colour to match your surroundings (Stealth+).
Your rubbery body absorbs attacks. (AC +1, EV +1)


Message History

Aim: an orc wizard, wielding a falchion and wearing a robe (heavily wounded)
The magic dart hits the orc wizard.
The orc wizard is severely wounded.
Casting: Magic Dart (safe; 1% risk of failure)
Confirm with . or Enter, or press ? or * to list all spells.
Aiming: Magic Dart (safe; 1% risk of failure)
Press: ? - help, Shift-Dir - straight line, f/p - orc wizard
Aim: an orc wizard, wielding a falchion and wearing a robe (severely wounded)
The magic dart hits the orc wizard.
The orc wizard is almost dead.
Casting: Magic Dart (safe; 1% risk of failure)
Confirm with . or Enter, or press ? or * to list all spells.
Aiming: Magic Dart (safe; 1% risk of failure)
Press: ? - help, Shift-Dir - straight line, f/p - orc wizard
Aim: an orc wizard, wielding a falchion and wearing a robe (severely wounded)
The magic dart hits the orc wizard.
The orc wizard is almost dead.
The orc wizard gestures at you while chanting.
The puff of frost hits you!
You die...

#..#..#### #................
##.##.# ###...............
#>##.######.................
##.#.........................
............#..........##....
##.....######.........## ####
<..###.# #.........# .#.#
#.### ##.o.....## ##.# #...##
##.....## #.# ###..# ##.####
#.# ##.######@# ##.#
#....##..# ##.### ####>##.##
.....#### #.....#######
##.#....## ####........#
#.####..####...###....# #.#
##.##...####.....# #.#
#.#..### #.....# #.# #...##
#.##### #.# ##...## ###.#
##.#######...###...#


You could see an orc wizard.

Vanquished Creatures
  A hound (D:3)
  2 orc priests (D:3)
  3 gnolls (D:2)
  6 adders
  An ooze (D:1)
  A worm (D:3)
  5 leopard geckos
  2 orcs (D:3)
  2 ball pythons
  7 giant cockroaches
  8 goblins
  9 hobgoblins
  4 jackals
  A quokka (D:3)
  12 bats
  7 frilled lizards
  9 kobolds
  9 rats
89 creatures vanquished.

Notes
Turn   | Place    | Note
-------+----------+-------------------------------------------
     0 | D:1      | bli the Octopode Conjurer began the quest for the Orb.
     0 | D:1      | Reached XP level 1. HP: 11/11 MP: 3/3
   389 | D:1      | Reached XP level 2. HP: 17/17 MP: 1/5
   778 | D:2      | Reached XP level 3. HP: 20/21 MP: 2/6
  1030 | D:1      | Learned a level 2 spell: Searing Ray
  1059 | D:1      | Reached skill level 5 in Conjurations
  1500 | D:1      | Reached XP level 4. HP: 27/27 MP: 2/7
  2144 | D:2      | Reached XP level 5. HP: 32/32 MP: 2/10
  3643 | D:3      | Reached XP level 6. HP: 37/37 MP: 12/12
  3906 | D:3      | Found a burning altar of Makhleb.
  3951 | D:3      | Killed from afar by an orc wizard

Vault maps used:
D:1:      dpeg_arrival_more_subterranean_lakeside_camping
D:2:      lemuel_upstairs_altar
D:3:      makhleb_heckhound_becter, first_ration

Skill      XL: |  1  2  3  4  5 |
---------------+----------------+-----
Conjurations   | 5 |  5.5
Spellcasting   | 3 4 |  4.2
Stealth        | 3 |  3.1
Fighting       | |  0.7
Dodging        | |  2.3

Action                   |  1- 3 |  4- 6 || total
-------------------------+-------+-------++-------
Melee: Short sword       |    24 |       ||    24
       Constrict         |    10 |     7 ||    17
       Tentacles         |     4 |     4 ||     8
       Dagger            |     4 |    28 ||    32
Throw: Tomahawk          |       |     3 ||     3
 Cast: Magic Dart        |    62 |    84 ||   146
       Searing Ray       |       |     8 ||     8
 Stab: Sleeping          |     4 |     1 ||     5
  Eat: Chunk             |     2 |     8 ||    10
Armor: Skin              |     3 |     3 ||     6
Dodge: Dodged            |    34 |    17 ||    51

Table legend:
 A = Non-vault XP
 B = Vault XP
 C = Vault XP percentage of total XP
 D = Non-vault monster count
 E = Vault monster count
 F = Vault count percentage of total count
                 A         B        C        D         E       F
            +---------+---------+-------+---------+---------+-------
      Total |     339 |      42 |  11.0 |      88 |       1 |   1.1
            +---------+---------+-------+---------+---------+-------
        D:1 |      56 |       0 |   0.0 |      31 |       0 |   0.0
        D:2 |     148 |       0 |   0.0 |      35 |       0 |   0.0
        D:3 |     135 |      42 |  23.7 |      22 |       1 |   4.3
            +---------+---------+-------+---------+---------+-------
